 Dungeon Sprint DCSS version 0.24-a0-250-g6074511092 (webtiles) character file.

Game seed: 12284438926491287476

720 Redear the Grappler (level 10, -1/97 HPs)
             Began as a Ghoul Fighter on Apr 15, 2019.
             Was the Champion of Makhleb.
             Slain by an earth elemental (36 damage)
             ... in the Dungeon (Sprint VI: "Thunderdome").
             The game lasted 00:11:22 (1309 turns).

Redear the Grappler (Ghoul Fighter)                 Turns: 1309, Time: 00:11:23

Health: -1/97      AC: -3    Str: 25    XL:     10   Next: 91%
Magic:  26/26      EV:  9    Int:  6    God:    Makhleb [******]
Gold:   244        SH:  7    Dex: 14    Spells: 9/9 levels left

rFire    + . .     SeeInvis .     - Unarmed
rCold    + . .     Gourm    .   o - -7 shield of Instinct {+Fly Regen+ Str-4} (curse)
rNeg     + + +     Faith    .   a - +0 scale mail
rPois    ∞         Spirit   .   (no helmet)
rElec    +         Reflect  +   (no cloak)
rCorr    .         Harm     .   (no gloves)
MR       .....     NoTele   +   (no boots)
Stlth    ++........             g - amulet of Zoisiryv {Reflect rN+ Dex+3 SH+2}
HPRegen  0.00/turn              l - ring "Iblem" {*Contam rElec rF+ Str+8 Stlth+}
MPRegen  0.20/turn              k - ring of Ziemmuupp {*Drain rPois MP+9 Int+3 Stlth+}

@: corroded, rotting, hasted, very quick
A: rotting body, claws 1, carnivore, cold resistance 1, negative energy
resistance 3, inhibited regeneration, torment resistance, unbreathing
}: 1/15 runes: serpentine
a: Minor Destruction, Lesser Servant of Makhleb, Major Destruction, Greater
Servant of Makhleb, Renounce Religion, Evoke Flight


You were in the Dungeon.
You worshipped Makhleb.
Makhleb was exalted by your worship.
You were not hungry.

You visited 1 branch You collected 1050 gold pieces.
You spent 806 gold pieces at shops.

Inventory:

Armour
 a - a +0 scale mail (worn)
 b - a +0 shield
 o - the cursed -7 shield of Instinct (worn) {+Fly Regen+ Str-4}
   (You bought it in a shop in the Dungeon)

   It affects your strength (-4).
   It lets you fly.
   It increases your rate of regeneration.
   It has a curse placed upon it.
Jewellery
 g - the amulet of Zoisiryv (around neck) {Reflect rN+ Dex+3 SH+2}
   (You bought it in a shop in the Dungeon)

   [amulet of reflection]

   It shields you and reflects attacks.
   It affects your dexterity (+3).
   It protects you from negative energy.
   It affects your SH (+2).
 j - the ring of the Lion {rN+ Stlth-}
   (You bought it in a shop in the Dungeon)

   [ring of attention]

   It protects you from negative energy.
   It makes you less stealthy.
 k - the ring of Ziemmuupp (right claw) {*Drain rPois MP+9 Int+3 Stlth+}
   (You bought it in a shop in the Dungeon)

   [ring of magical power]

   It affects your intelligence (+3).
   It protects you from poison.
   It affects your magic capacity (+9).
   It causes draining when unequipped.
   It makes you more stealthy.
 l - the ring "Iblem" (left claw) {*Contam rElec rF+ Str+8 Stlth+}
   (You bought it in a shop in the Dungeon)

   [ring of stealth]

   It affects your strength (+8).
   It protects you from fire.
   It insulates you from electricity.
   It causes magical contamination when unequipped.
   It makes you more stealthy.
Wands
 D - a wand of digging (4)
 I - a wand of iceblast (2)
Scrolls
 d - 3 scrolls of fog
 B - 4 scrolls of blinking {@r4}
Potions
 c - a potion of might {Str+5 DMG+1d10 | @q3}
 e - a potion of resistance {rF+ rC+ rPois rElec rCorr}
 h - 2 potions of magic
 i - a potion of berserk rage
 H - 3 potions of haste {@q5}
 Q - 5 potions of curing {@q2}
Comestibles
 f - 9 chunks of flesh
 z - a ration


   Skills:
 + Level 12.1 Fighting
 + Level 10.4 Armour
 + Level 10.3 Shields
 + Level 13.6 Unarmed Combat
 + Level 11.2 Invocations


You had 9 spell levels left.
You didn't know any spells.
Your spell library was empty.

Dungeon Overview and Level Annotations

Branches:
Dungeon (1/1)

Altars:
Cheibriados
Dithmenos
Fedhas
Gozag
Kikubaaqudgha
Makhleb
Okawaru
Qazlal
Ru
Sif Muna
Trog
Uskayaw
Vehumet
Wu Jian
Xom
Yredelemnul
Zin
The Shining One
Beogh
Jiyva
Lugonu

Shops:
D *[%??*?*:[((!!!!


Innate Abilities, Weirdness & Mutations

Your body is rotting away.
You thrive on raw meat.
You are immune to poison.
You have sharp fingernails.
You are carnivorous and can eat meat at any time.
Your flesh is cold resistant. (rC+)
You are immune to negative energy. (rN+++)
You do not regenerate when monsters are visible.
You are immune to unholy pain and torment.
You can survive without breathing.


Message History

You block the iron imp's attack.
You claw the iron imp!
The iron imp is heavily wounded.
Your neqoxec gestures.
You scratch the iron imp but do no damage.
The iron imp is heavily wounded.
The iron imp hits you.
You take 6 damage, and have 30/97 hp.
You mangle the iron imp!!
You kill the iron imp!
Makhleb accepts your kill.
You feel better.
You regained 5 hp, and now have 35/97 hp.
Unknown command.
Things that are here:
a +0 morningstar; a +0 flail Unknown command.
You scratch the earth elemental but do no damage.
The earth elemental hits you!!!
You die...

#_........# #_....[.[_#
#_......._# ###..)......###
#⌠...........[#
######.8....[....8.######
##∩___......###......___∩##
###∩.......[8E# #.8........∩##
##............@###.)...........
#§..5.....[.###35.###..........
#E......)E..# #55.# #.[........
#§E.........###[.[###..........
##.........E...###.............
###∩........8.# #.8........∩##
##∩.__[.....###......__.∩##
######.8[........8.######
#§9..........⌠#


You could see 2 earth elementals, a friendly neqoxec, a friendly crimson imp, a
friendly white imp and a friendly ufetubus.

Vanquished Creatures
  Aizul (D)
  A wolf spider (D)
  2 orb spiders (D)
  2 gargoyles (D)
  A demonic crawler (D)
  A jumping spider (D)
  A tarantella (D)
  6 neqoxecs (D)
  2 orc warriors (D)
  An earth elemental (D)
  2 gnoll sergeants (D)
  An iron imp (D)
  An orc priest (D)
  3 gnoll shamans (D)
  5 orc wizards (D)
  A gnoll (D)
  An adder (D)
  5 oozes (D)
  2 worms (D)
  An orc (D)
  A quokka (D)
41 creatures vanquished.

Vanquished Creatures (collateral kills)
  A rust devil (D)
1 creature vanquished.

Grand Total: 42 creatures vanquished

Notes
Turn   | Place    | Note
-------+----------+-------------------------------------------
     0 | D        | Redear the Ghoul Fighter began the quest for the Orb.
     0 | D        | Reached XP level 1. HP: 19/19 MP: 0/0
     1 | D        | Found an ornate altar of the Wu Jian Council.
     1 | D        | Found a shimmering altar of Xom.
     2 | D        | Found a radiant altar of Vehumet.
     2 | D        | Found a hide-covered altar of Uskayaw.
     3 | D        | Found a viscous altar of Jiyva.
     4 | D        | Found a shadowy altar of Dithmenos.
     4 | D        | Found a roughly hewn altar of Beogh.
     4 | D        | Found Simyhaorr's Staff Store.
     4 | D        | Found Fittun's Magic Scroll Shop.
     5 | D        | Found Laypp's Must-Have Magic.
     5 | D        | Found Ruutyju's Magic Scroll Shop.
     5 | D        | Round 1.
     7 | D        | Found a deep blue altar of Sif Muna.
     8 | D        | Found a stormy altar of Qazlal.
     9 | D        | Found a corrupted altar of Lugonu.
    10 | D        | Found Momoh's Delicious Food.
    11 | D        | Found Fiodgh's Jewellery.
    11 | D        | Found Amuifyu's Advanced Armour.
    27 | D        | Reached skill level 3 in Armour
    27 | D        | Reached skill level 3 in Shields
    32 | D        | Found a burning altar of Makhleb.
    33 | D        | Found Fikk's Distillery.
    34 | D        | Found Kiula Qod's Distillery.
    34 | D        | Found Cestok's Bottled Wisdom.
    40 | D        | Became a worshipper of Makhleb the Destroyer
    41 | D        | Found Cylo Bif's Do-It-Yourself Clinic.
    41 | D        | Found an iron altar of Okawaru.
    41 | D        | Found a blossoming altar of Fedhas.
    48 | D        | Found a glowing golden altar of the Shining One.
    50 | D        | Found a basalt altar of Yredelemnul.
    50 | D        | Found an ancient bone altar of Kikubaaqudgha.
    53 | D        | Found a snail-covered altar of Cheibriados.
    53 | D        | Found a glowing silver altar of Zin.
    53 | D        | Found an opulent altar of Gozag.
    53 | D        | Found Behasod's Weapon Rack.
    53 | D        | Found Ovigonill's Premium Goods.
    54 | D        | Found Zoweer's Basic Armour.
    54 | D        | Found Puituck's Miscellaneous Merchandise.
    57 | D        | Found a sacrificial altar of Ru.
    58 | D        | Found a bloodstained altar of Trog.
    60 | D        | Found Udegaf's Identification Station.
    91 | D        | Reached skill level 4 in Fighting
    91 | D        | Reached skill level 3 in Unarmed Combat
    91 | D        | Reached XP level 2. HP: 23/26 MP: 1/1
   103 | D        | Reached * piety under Makhleb
   130 | D        | Arena points: 12 (+12) [x2]
   144 | D        | Bought a wavering graven amulet for 45 gold pieces
   144 | D        | Bought a slimy brass ring for 45 gold pieces
   144 | D        | Bought a steaming lapis lazuli ring for 45 gold pieces
   144 | D        | Identified the amulet of Zoisiryv {Reflect rN+ Dex+3 SH+2}
                  | (You bought it in a shop in the Dungeon)
   145 | D        | Identified the ring of the Lion {rN+ Stlth-} (You bought it
                  | in a shop in the Dungeon)
   146 | D        | Identified the ring of Ziemmuupp {*Drain rPois MP+9 Int+3
                  | Stlth+} (You bought it in a shop in the Dungeon)
   147 | D        | Bought a fine iron ring for 45 gold pieces
   148 | D        | Identified the ring "Iblem" {*Contam rElec rF+ Str+8
                  | Stlth+} (You bought it in a shop in the Dungeon)
   194 | D        | Round 2.
   237 | D        | Reached XP level 3. HP: 22/34 MP: 2/2
   250 | D        | Reached ** piety under Makhleb
   254 | D        | Reached skill level 4 in Unarmed Combat
   256 | D        | Reached skill level 4 in Armour
   256 | D        | Reached skill level 4 in Shields
   271 | D        | Arena points: 48 (+36) [x3]
   346 | D        | Round 3.
   347 | D        | Noticed a neqoxec
   359 | D        | Killed a neqoxec
   359 | D        | Reached *** piety under Makhleb
   359 | D        | Reached skill level 6 in Fighting
   359 | D        | Reached skill level 5 in Armour
   359 | D        | Reached skill level 5 in Shields
   359 | D        | Reached skill level 5 in Unarmed Combat
   359 | D        | Reached skill level 3 in Invocations
   359 | D        | Reached XP level 4. HP: 37/45 MP: 5/5
   359 | D        | Reached XP level 5. HP: 42/51 MP: 6/6
   368 | D        | Noticed a neqoxec
   372 | D        | Noticed a neqoxec
   376 | D        | Killed a neqoxec
   376 | D        | Reached skill level 7 in Fighting
   376 | D        | Reached skill level 6 in Armour
   376 | D        | Reached skill level 6 in Shields
   376 | D        | Reached skill level 6 in Unarmed Combat
   376 | D        | Reached skill level 5 in Invocations
   376 | D        | Reached XP level 6. HP: 51/60 MP: 8/8
   377 | D        | Noticed a neqoxec
   388 | D        | HP: 6/60 [iron imp[a neqoxec] (3)]
   390 | D        | Killed a neqoxec
   390 | D        | Reached skill level 7 in Unarmed Combat
   390 | D        | Reached skill level 6 in Invocations
   409 | D        | Killed a neqoxec
   409 | D        | Reached **** piety under Makhleb
   409 | D        | Reached skill level 8 in Fighting
   409 | D        | Reached skill level 7 in Armour
   409 | D        | Reached skill level 7 in Shields
   409 | D        | Reached skill level 8 in Unarmed Combat
   409 | D        | Reached XP level 7. HP: 31/69 MP: 10/10
   452 | D        | Noticed a neqoxec
   466 | D        | Killed a neqoxec
   466 | D        | Reached skill level 7 in Invocations
   484 | D        | Noticed a neqoxec
   493 | D        | Killed a neqoxec
   493 | D        | Arena points: 132 (+84) [x4]
   493 | D        | Reached skill level 9 in Fighting
   509 | D        | Bought 3 potions of heal wounds for 105 gold pieces
   509 | D        | Bought 3 potions of heal wounds for 105 gold pieces
   528 | D        | Round 4.
   548 | D        | Reached XP level 8. HP: 59/78 MP: 12/12
   579 | D        | Reached skill level 9 in Unarmed Combat
   582 | D        | Reached ***** piety under Makhleb
   653 | D        | Arena points: 272 (+140) [x5]
   699 | D        | Bought 4 potions of curing for 84 gold pieces
   723 | D        | Round 5.
   724 | D        | Noticed Aizul
   736 | D        | Killed Aizul
   736 | D        | Arena points: 552 (+280) [x7]
   736 | D        | Reached skill level 10 in Fighting
   736 | D        | Reached skill level 8 in Armour
   736 | D        | Reached skill level 8 in Shields
   736 | D        | Reached skill level 8 in Invocations
   742 | D        | Got a serpentine rune of Zot
   756 | D        | Bought a steaming shield for 332 gold pieces
   761 | D        | Identified the cursed -7 shield of Instinct {+Fly Regen+
                  | Str-4} (You bought it in a shop in the Dungeon)
   797 | D        | Reached skill level 12 in Unarmed Combat
   797 | D        | Reached XP level 9. HP: 85/85 MP: 14/14
   901 | D        | Round 6.
   905 | D        | Noticed an orb spider
   911 | D        | Noticed a jumping spider
   929 | D        | HP: 3/85 [jumping spider (15)]
   941 | D        | Killed an orb spider
   941 | D        | Reached skill level 9 in Armour
   941 | D        | Reached skill level 9 in Shields
   941 | D        | Reached skill level 9 in Invocations
   941 | D        | Reached XP level 10. HP: 27/94 MP: 16/16
   962 | D        | Noticed a wolf spider
   975 | D        | Killed a wolf spider
   975 | D        | Reached skill level 11 in Fighting
   976 | D        | Reached skill level 10 in Invocations
  1014 | D        | Noticed an orb spider
  1025 | D        | Killed an orb spider
  1025 | D        | Reached ****** piety under Makhleb
  1054 | D        | Reached skill level 13 in Unarmed Combat
  1069 | D        | Arena points: 594 (+42) [x1]
  1084 | D        | Round 7.
  1209 | D        | Reached skill level 10 in Armour
  1216 | D        | Reached skill level 10 in Shields
  1233 | D        | Arena points: 720 (+126) [x2]
  1273 | D        | Round 8.
  1274 | D        | Noticed a gargoyle
  1275 | D        | Noticed a gargoyle
  1275 | D        | Noticed a gargoyle
  1275 | D        | Noticed a rust devil
  1285 | D        | Killed a gargoyle
  1292 | D        | Killed a gargoyle
  1292 | D        | Reached skill level 12 in Fighting
  1292 | D        | Reached skill level 11 in Invocations
  1301 | D        | Killed a rust devil
  1309 | D        | Slain by an earth elemental

Levels and vault maps discovered:
D:        arena_sprint

Skill      XL: |  1  2  3  4  5  6  7  8  9 10 |
---------------+-------------------------------+-----
Armour         | 3 5 6 7 8 9 10 | 10.4
Shields        | 3 5 6 7 8 9 10 | 10.3
Fighting       | 4 6 7 8 9 10 12 | 12.1
Unarmed Combat | 3 5 6 8 12 13 | 13.6
Invocations    | 3 5 6 7 8 9 11 | 11.2

Action                   |  1- 3 |  4- 6 |  7- 9 | 10-12 || total
-------------------------+-------+-------+-------+-------++-------
Melee: Unarmed           |    70 |    32 |    60 |    85 ||   247
       Punch             |     1 |     4 |     2 |       ||     7
Invok: Lesser Servant of |       |       |       |     1 ||     1
Evoke: Wand              |       |       |     8 |       ||     8
  Use: Potion            |     1 |     2 |     4 |     5 ||    12
 Stab: Distracted        |     1 |       |       |       ||     1
  Eat: Chunk             |     2 |       |     7 |     5 ||    14
Armor: Scale mail        |    22 |    11 |    17 |    15 ||    65
Dodge: Dodged            |    19 |    16 |    21 |    26 ||    82
Block: Shield            |    10 |       |     6 |    17 ||    33
       Other             |     1 |       |       |       ||     1
       Reflection        |       |       |       |     1 ||     1

Table legend:
 A = Non-vault XP
 B = Vault XP
 C = Vault XP percentage of total XP
 D = Non-vault monster count
 E = Vault monster count
 F = Vault count percentage of total count
                 A         B        C        D         E       F
            +---------+---------+-------+---------+---------+-------
      Total |    6632 |       0 |   0.0 |      42 |       0 |   0.0
            +---------+---------+-------+---------+---------+-------
          D |    6632 |       0 |   0.0 |      42 |       0 |   0.0
            +---------+---------+-------+---------+---------+-------
